 Dungeon Crawl Stone Soup version 0.29-a0-338-g1ff7896281 (webtiles) character file.

Game seed: 17892838917937267382

2464 Gargoyl the Cleaver (level 9, 0/55 HPs)
             Began as a Gargoyle Abyssal Knight on Apr 19, 2022.
             Was a High Priest of Lugonu.
             Slain by a wight
             ... wielding a +0 dagger
              (4 damage)
             ... on level 7 of the Dungeon.
             The game lasted 00:08:36 (7899 turns).

Gargoyl the Cleaver (Gargoyle Abyssal Knight)       Turns: 7899, Time: 00:08:37

Health: 0/55       AC: 23    Str: 22    XL:     9   Next: 50%
Magic:  10/10      EV:  8    Int: 12    God:    Lugonu [*****.]
Gold:   322        SH:  4    Dex: 14    Spells: 8/8 levels left

rFire   . . .      SeeInvis .   a - +3 hand axe (protect)
rCold   . . .      Faith    .   q - +0 buckler
rNeg    + . .      Spirit   .   j - +0 chain mail
rPois   ∞          Reflect  .   (helmet restricted)
rElec   +          Harm     .   p - +2 cloak
rCorr   .          Rampage  .   (no gloves)
Will    .....      Clarity  +   l - +2 pair of boots
Stlth   ..........              (no amulet)
HPRegen 0.18/turn               d - +6 ring of strength
MPRegen 0.12/turn               (no ring)

@: mighty, about to teleport
A: sickness immunity, AC +6, negative energy resistance 1, electricity
resistance, torment resistance 1, petrification resistance, horns 2, clarity,
sense surroundings 1
a: Renounce Religion, Depart the Abyss, Bend Space, Banish, Corrupt, Enter the
Abyss


You were on level 7 of the Dungeon.
You worshipped Lugonu.
Lugonu was extremely pleased with you.
You visited 1 branch of the dungeon, and saw 7 of its levels.
You visited the Abyss 1 time.
You also visited: Sewer.

You collected 322 gold pieces.

Inventory:

Hand Weapons
 a - a +3 hand axe of protection (weapon)
 b - a +1 hand axe of flaming
Missiles
 k - 5 poisoned darts (quivered)
Armour
 j - a +0 chain mail (worn)
 l - a +2 pair of boots (worn)
 p - a +2 cloak (worn)
 q - a +0 buckler (worn)
Jewellery
 d - a +6 ring of strength (left hand)
Wands
 t - a wand of paralysis (9)
Scrolls
 h - 2 scrolls of teleportation
 s - a scroll of magic mapping
Potions
 c - a potion of attraction
 f - a potion of might
 m - 2 potions of haste
 n - a potion of resistance
 o - a potion of cancellation
 u - 2 potions of brilliance
 x - 6 potions of flight


   Skills:
 + Level 6.0 Fighting
 + Level 8.5 Axes
 + Level 1.0 Throwing
 + Level 6.5 Armour
 + Level 2.5 Dodging
 + Level 2.2 Stealth
 + Level 1.5 Shields
 + Level 2.3 Invocations


You had 8 spell levels left.
You didn't know any spells.
Your spell library contained the following spells:

 Spells                   Type           Power      Damage    Failure   Level
 Animate Skeleton         Necr           0%         N/A       97%         1
 Beastly Appendage        Tmut           0%         N/A       97%         1
 Pain                     Necr           0%         1d4       97%         1
 Blink                    Tloc           0%         N/A       99%         2
 Wereblood                Tmut           0%         N/A       99%         2
 Confusing Touch          Hex            0%         N/A       100%        3
 Spider Form              Tmut/Pois      0%         N/A       100%        3
 Vampiric Draining        Necr           0%         2d6       100%        3
 Manifold Assault         Tloc           0%         N/A       100%        5
 Yara's Violent Unravell  Hex/Tmut       0%         3d3       100%        5
 Enfeeble                 Hex            0%         N/A       100%        7
 Storm Form               Tmut/Air       0%         N/A       100%        7


Dungeon Overview and Level Annotations

Branches:
Dungeon (7/15)             Temple (0/1) D:5           Sewer (visited)

Altars:
Cheibriados
Dithmenos
Hepliaklqana
Kikubaaqudgha
Makhleb
Okawaru
Xom
Yredelemnul

Shops:
D:4 (


Innate Abilities, Weirdness & Mutations

You are immune to sickness and miasma.
Your stone body is resilient. (AC +6)
You are immune to poison.
You resist negative energy. (rN+)
You are resistant to electric shocks. (rElec)
You are resistant to unholy torment.
You are immune to petrification.
You have a pair of horns on your head.
You possess an exceptional clarity of mind.
You passively map a small area around you.


Message History

Unknown command.
You feel much better. The wight hits you with a +4 battleaxe.
The wight hits you but does no damage. The wight hits you with a +3 trident!
You feel very mighty all of a sudden. The wight barely misses you.
The wight hits you but does no damage. The wight hits you with a +4 battleaxe.
The wight barely misses you.
You hit the wight but do no damage.
The wight is almost destroyed.
You hit the wight but do no damage. x2; The wight closely misses you.
The wight barely misses you. x2; The wight completely misses you.
Unknown command.
You slash the wight!
You destroy the wight!
Lugonu accepts your kill.
You hit the wight. x2; The wight hits you with a +3 trident!
* * * LOW HITPOINT WARNING * * *
The wight hits you but does no damage. The wight barely misses you.
Unknown command.
You feel better. You block the wight's attack.
The wight hits you but does no damage. x2
You feel better. You block the wight's attack.
The wight hits you but does no damage. The wight barely misses you.
You slash the wight! Your headbutt misses the wight.
The wight is heavily damaged.
You barely miss the wight. The wight hits you but does no damage.
You block the wight's attack. x2
You closely miss the wight.
The wight is heavily damaged.
You barely miss the wight. The wight hits you but does no damage.
The wight hits you with a +0 dagger. You block the wight's attack.
Okay, then.
As you read the scroll of teleportation, it crumbles to dust.
You feel strangely unstable. The wight hits you with a +3 trident!
* * * LOW HITPOINT WARNING * * *
You block the wight's attack. The wight hits you but does no damage.
Unknown command.
The wight hits you from afar with a +3 trident!
* * * LOW HITPOINT WARNING * * *
The wight attacks as you move away! The wight hits you with a +0 dagger.
You die...

...*##.....#...###......
...##..##.##..###.......
........#...............
##.........###..#.......
#.......†..# ####.......
#.......)### #.......
##........# * .....#..
*#......>.# ......#..
#..##..@.## , ....... .
,.. *##..z.# ,........ *
. ,,#...z###.....
.....##).z...... ,
,....###.[#...#..# , , *
....*#..##...# , ,,
.......# *..... ,
.#...#. #.#### * *
##..## ##


You could see 3 wights.

Vanquished Creatures
  A human (D:3)
  2 ice beasts (D:6)
  2 sky beasts (D:5)
  2 ogres
  2 centaurs
  A phantom (D:5)
  A gnoll sergeant (D:5)
  4 scorpions
  A necrophage (D:7)
  7 wights
  A crimson imp (D:5)
  5 hounds
  2 jellies
  Crazy Yiuf (D:4)
  7 iguanas
  7 gnolls
  12 adders
  6 river rats (Sewer)
  A shadow imp (D:3)
  A white imp (D:5)
  An ufetubus (D:5)
  6 worms
  6 dart slugs
  2 orcs
  4 endoplasms
  11 giant cockroaches
  6 goblins
  7 hobgoblins
  4 jackals (Sewer)
  4 quokkas
  12 ball pythons
  13 bats
  5 frilled lizards
  A jackal zombie (D:3)
  8 kobolds
  12 rats
168 creatures vanquished.

Vanquished Creatures (others)
  A fungus (D:2)
  A plant (D:2)
2 creatures vanquished.

Grand Total: 170 creatures vanquished

Notes
Turn   | Place    | Note
-------+----------+-------------------------------------------
     0 | Abyss:1  | Gargoyl the Gargoyle Abyssal Knight began the quest for the
                  | Orb.
     0 | Abyss:1  | Reached XP level 1. HP: 14/14 MP: 2/2
     0 | D:1      | Escaped the Abyss
   330 | D:1      | Reached ** piety under Lugonu
   346 | D:1      | Reached XP level 2. HP: 16/19 MP: 3/3
   883 | D:2      | Gained mutation: You have a pair of small horns on your
                  | head. [potion of mutation]
   883 | D:2      | Gained mutation: You passively map a small area around you.
                  | [potion of mutation]
   883 | D:2      | Gained mutation: You possess an exceptional clarity of
                  | mind. [potion of mutation]
   883 | D:2      | Gained mutation: You have a pair of horns on your head.
                  | [potion of mutation]
   894 | D:2      | Reached skill level 2 in Axes
  1040 | D:2      | Reached XP level 3. HP: 18/24 MP: 4/4
  1392 | D:2      | Found a faded altar of an unknown god.
  1676 | D:2      | Reached XP level 4. HP: 27/29 MP: 5/5
  1694 | D:2      | Found an iron altar of Okawaru.
  2169 | D:3      | Reached skill level 3 in Axes
  2274 | D:3      | Reached *** piety under Lugonu
  2280 | D:3      | Found a runed translucent door.
  2280 | D:3      | Noticed a human
  2283 | D:3      | Found a basalt altar of Yredelemnul.
  2736 | D:3      | Found a faded altar of an unknown god.
  2753 | D:3      | Reached XP level 5. HP: 28/33 MP: 6/6
  2794 | D:3      | Found an ancient bone altar of Kikubaaqudgha.
  2906 | D:3      | Killed a human
  2907 | D:3      | Reached skill level 4 in Axes
  2907 | D:3      | Reached skill level 1 in Dodging
  2907 | D:3      | Reached XP level 6. HP: 36/39 MP: 7/7
  3439 | D:4      | Found a shadowy altar of Dithmenos.
  3525 | D:4      | Found Fiki's Weapon Shoppe.
  3848 | D:4      | Reached XP level 7. HP: 19/44 MP: 8/8
  4055 | D:4      | Reached skill level 5 in Axes
  4076 | D:4      | Found a snail-covered altar of Cheibriados.
  4178 | D:4      | Found a hazy altar of Hepliaklqana.
  4350 | D:4      | Found a runed translucent door.
  4351 | D:4      | Noticed Crazy Yiuf
  4360 | D:4      | Killed Crazy Yiuf
  4593 | D:5      | Entered Level 5 of the Dungeon
  4600 | D:5      | Reached skill level 1 in Stealth
  4739 | D:5      | Reached skill level 5 in Fighting
  4944 | D:5      | Reached skill level 6 in Axes
  4944 | D:5      | Reached XP level 8. HP: 41/49 MP: 9/9
  5049 | D:5      | Reached **** piety under Lugonu
  5106 | D:5      | Found a burning altar of Makhleb.
  5106 | D:5      | Found a shimmering altar of Xom.
  5600 | D:5      | Reached skill level 5 in Armour
  6124 | D:5      | Found a staircase to the Ecumenical Temple.
  6258 | D:5      | Reached skill level 7 in Axes
  6562 | D:6      | Reached XP level 9. HP: 43/55 MP: 10/10
  6576 | D:6      | Reached skill level 1 in Shields
  6589 | D:6      | Reached skill level 1 in Throwing
  6912 | D:6      | Found a glowing drain.
  6920 | Sewer    | Entered a sewer
  6925 | Sewer    | Reached skill level 8 in Axes
  7035 | Sewer    | Reached ***** piety under Lugonu
  7899 | D:7      | Slain by a wight

Illustrated notes

Levels and vault maps discovered:
D:1:      evilmike_arrival_crescent, layout_basic
D:2:      layout_basic, basic_altar, shapermc_ecumenical_altar_gd,
          grunt_ministairs_6, ebering_dispersal_statue_hall,
          minmay_misc_feat_four_crosses, nicolae_concentric_dashed_squares_mild,
          minmay_tetromino_o4
D:3:      minmay_roachtagon, layout_basic, dk_yredelemnul_ordeal,
          nicolae_overflow_ecumenical_swirl, serial_glass, glass_columns_b,
          glass_columns_c, kennysheep_generic_room_6
D:4:      layout_cave_pods, mainiacjoe_overflow_six_doors_small,
          mainiacjoe_overflow_catch_the_wave, serial_shops, shop,
          uniq_crazy_yiuf_cottage
D:5:      layout_basic, grunt_temple_overflow_champion_of_chaos,
          minmay_temple_entry_trees
D:6:      layout_cave_pools, gup_sewer_entry_bubbles, grunt_ministairs_7,
          corexii_hall_statues_u
D:7:      cheibrodos_two_vegetables, layout_cave_pools, lemuel_blue_sif_altar,
          serial_shops, nicolae_diamond_shop, chequers_hall_statues_y,
          minmay_misc_feat_hallway, dreamdust_wishing_well

Skill      XL: |  1  2  3  4  5  6  7  8  9 |
---------------+----------------------------+-----
Axes           | 2 3 4 6 7 8 |  8.5
Fighting       | 4 5 6 |  6.0
Armour         | 3 4 5 6 |  6.5
Dodging        | 1 2 |  2.5
Stealth        | 1 2 |  2.2
Shields        | 1 |  1.5
Throwing       | 1 |  1.0
Invocations    | |  2.3

Action                   |  1- 3 |  4- 6 |  7- 9 || total
-------------------------+-------+-------+-------++-------
Melee: Hand axe          |   103 |   102 |   307 ||   512
       Headbutt          |     7 |    20 |    54 ||    81
Throw: Dart              |       |       |     9 ||     9
Invok: Depart the Abyss  |     1 |       |       ||     1
  Use: Scroll            |     7 |     6 |    14 ||    27
       Potion            |     1 |       |     7 ||     8
 Stab: Distracted        |       |     1 |       ||     1
Armor: Leather armour    |    17 |       |       ||    17
       Chain mail        |    29 |   117 |   247 ||   393
       Scale mail        |    11 |       |       ||    11
Dodge: Dodged            |    66 |    72 |   146 ||   284
Block: Buckler           |       |       |    58 ||    58

Table legend: (Time is in decaauts)
 A = Elapsed time spent in this place.
 B = Non-inter-level travel time spent in this place.
 C = Inter-level travel time spent in this place.
 D = Time resting spent in this place.
 E = Time spent auto-exploring this place.
 F = Levels seen in this place.
 G = Mean time per level.
                   A        B        C        D        E       F      G
               +--------+--------+--------+--------+--------+-----+--------+
         Total |   8099 |   7834 |    265 |    299 |   6051 |   9 |  899.9 |
       Dungeon |   7293 |   7028 |    265 |    299 |   5456 |   7 | 1041.9 |
         Abyss |      0 |      0 |      0 |      0 |      0 |   1 |    0.0 |
         Sewer |    806 |    806 |      0 |      0 |    594 |   1 |  806.0 |
               +--------+--------+--------+--------+--------+-----+--------+

Top non-repeatable levels by time:
     D:5: 1745 daAuts
     D:2: 1297 daAuts
     D:3: 1263 daAuts
     D:4: 1177 daAuts
     D:1: 886 daAuts
   Sewer: 806 daAuts
     D:6: 750 daAuts
     D:7: 171 daAuts
